 Dungeon Crawl Stone Soup version 0.26-a0-648-g87339cca5e (webtiles) character file.

Game seed: 6579631727495440579

7 Colgate the Skirmisher (level 1, 0/20 HPs)
             Began as a Minotaur Abyssal Knight on Sept 25, 2020.
             Was a Follower of Lugonu.
             Slain by a goblin
             ... wielding a +0 dagger
              (2 damage)
             ... on level 1 of the Dungeon.
             The game lasted 00:03:52 (84 turns).

Colgate the Skirmisher (Minotaur Abyssal Knight)      Turns: 84, Time: 00:03:52

Health: 0/20       AC:  8    Str: 16    XL:     1   Next: 83%
Magic:  1/1        EV:  7    Int:  9    God:    Lugonu [*.....]
Gold:   0          SH:  0    Dex:  9    Spells: 0/0 levels left

rFire    . . .     SeeInvis .   a - +1 spear
rCold    . . .     Faith    .   (no shield)
rNeg     . . .     Spirit   .   c - +0 chain mail
rPois    .         Reflect  .   (helmet restricted)
rElec    .         Harm     .   (no cloak)
rCorr    .         Rampage  .   (no gloves)
MR       .....                  (no boots)
Stlth    ..........             (no amulet)
HPRegen  0.06/turn              (no ring)
MPRegen  0.07/turn              (no ring)

@: no status effects
A: retaliatory headbutt, horns 2
a: Depart the Abyss, Renounce Religion


You were on level 1 of the Dungeon.
You worshipped Lugonu.
Lugonu was aware of your devotion.
You visited 1 branch of the dungeon, and saw 1 of its levels.
You visited the Abyss 1 time.

Inventory:

Hand Weapons
 a - a +1 spear (weapon)
Armour
 b - a +0 leather armour
 c - a +0 chain mail (worn)


   Skills:
 + Level 4.2 Fighting
 - Level 2.4 Polearms
 - Level 2.4 Armour
 - Level 1.1 Dodging
 - Level 1.7 Invocations


You couldn't memorise any spells.
You didn't know any spells.
Your spell library was empty.

Dungeon Overview and Level Annotations

Branches:
Dungeon (1/15)

Altars:


Innate Abilities, Weirdness & Mutations

You reflexively headbutt those who attack you in melee.
You have a pair of horns on your head.


Message History

* * * LOW HITPOINT WARNING * * *
The kobold throws a stone.
The stone hits you but does no damage. The goblin hits you but does no damage.
The bat barely misses you.
The kobold throws a stone.
The stone hits you but does no damage.
Found a whip.
You see here a stone.
The bat barely misses you.
The kobold throws a stone.
The stone hits you but does no damage. The rat bites you but does no damage.
You see here a stone.
The bat barely misses you. You furiously retaliate!
You headbutt the bat!
You kill the bat!
Lugonu accepts your kill. The goblin hits you but does no damage.
A frilled lizard comes into view.
The frilled lizard hisses angrily.
You hit the goblin. Your headbutt misses the goblin.
The goblin is moderately wounded.
The goblin hits you with a +0 dagger.
You die...

###... #..# ###....###
##..# .........###...#
.............#
............#
..........(.#
....†.....(.#
...........#############
............r.rg@....l..
...........#############
....>.....## ........[##
###...##[. ###.[.##. #
#.


You could see a goblin, a frilled lizard and 2 rats.

Vanquished Creatures
  2 leopard geckos (D:1)
  2 bats (D:1)
  A rat (D:1)
5 creatures vanquished.

Notes
Turn   | Place    | Note
-------+----------+-------------------------------------------
     0 | Abyss:1  | Colgate the Minotaur Abyssal Knight began the quest for the
                  | Orb.
     0 | Abyss:1  | Reached XP level 1. HP: 19/19 MP: 1/1
     2 | Abyss:1  | Found a corrupted altar of Lugonu.
    11 | D:1      | Escaped the Abyss
    26 | D:1      | Noticed an anaconda
    42 | D:1      | Noticed a black mamba
    66 | D:1      | Reached skill level 4 in Fighting
    74 | D:1      | HP: 1/20 [bat (1)]
    84 | D:1      | Slain by a goblin

Illustrated notes

Levels and vault maps discovered:
D:1:      sevenhm_arrival_forest_fort_small_2, layout_rooms

Skill      XL: |  1 |
---------------+----+-----
Fighting       | 4 |  4.2
Polearms       | |  2.4
Armour         | |  2.4
Dodging        | |  1.1
Invocations    | |  1.7

Action                   || total
-------------------------++-------
Melee: Spear             ||    12
Armor: Chain mail        ||    27
Dodge: Dodged            ||    21

Table legend: (Time is in decaauts)
 A = Elapsed time spent in this place.
 B = Non-inter-level travel time spent in this place.
 C = Inter-level travel time spent in this place.
 D = Time resting spent in this place.
 E = Time spent auto-exploring this place.
 F = Levels seen in this place.
 G = Mean time per level.
                   A        B        C        D        E       F      G
               +--------+--------+--------+--------+--------+-----+--------+
         Total |     83 |     83 |      0 |      0 |     12 |   2 |   41.5 |
       Dungeon |     72 |     72 |      0 |      0 |      9 |   1 |   72.0 |
         Abyss |     11 |     11 |      0 |      0 |      3 |   1 |   11.0 |
               +--------+--------+--------+--------+--------+-----+--------+

Top non-repeatable levels by time:
     D:1: 72 daAuts
 Abyss:1: 11 daAuts
